 Dungeon Crawl Stone Soup version 0.31-a0-1405-g2bb1a01 (webtiles) character file.

Game seed: 17070162808642356209

252 samfromsteam the Chopper (level 5, -2/48 HPs)
             Began as a Minotaur Berserker on Dec 25, 2023.
             Was a Priest of Trog.
             Slain by a river rat (4 damage)
             ... in a sewer.
             The game lasted 00:06:21 (2991 turns).

samfromsteam the Chopper (Minotaur Berserker)       Turns: 2991, Time: 00:06:22

Health: -2/48      AC: -6    Str: 23    XL:     5   Next: 89%
Magic:  4/4        EV: 12    Int:  4    God:    Trog [***...]
Gold:   176        SH:  0    Dex: 10    Spells: 4/4 levels left

rFire   . . .        a - +0 hand axe
rCold   . . .        (no shield)
rNeg    . . .        p - +0 ring mail
rPois   .            (helmet restricted)
rElec   .            (no cloak)
rCorr   .            (no gloves)
SInv    .            (no boots)
Will    .....        (no amulet) Stlth
                     (no ring)
HPRegen 0.28/turn    (no ring)
MPRegen 0.09/turn

%: no passive effects
@: corroded
A: horns 2, retaliatory headbutt
a: Renounce Religion, Berserk, Trog's Hand


You were in a sewer.
You worshipped Trog.
Trog was most pleased with you.
You visited 1 branch of the dungeon, and saw 4 of its levels.
You also visited: Sewer.

You collected 176 gold pieces.

Inventory:

Hand Weapons
 a - a +0 hand axe (weapon)
Armour
 p - a +0 ring mail (worn)
Jewellery
 n - a ring of flight
Scrolls
 b - a scroll of revelation {unknown}
 f - a scroll of fear {unknown}
 g - 7 scrolls of identify {unknown}
 k - 2 scrolls of enchant weapon {unknown}
 o - a scroll of vulnerability {unknown}
Potions
 c - a potion of resistance {unknown}
 d - 2 potions of might {unknown}
 e - a potion of degeneration {unknown}
 h - 2 potions of mutation {unknown}
 i - a potion of ambrosia {unknown}
 j - a potion of lignification {unknown}
 l - 2 potions of curing {unknown}
 m - a potion of berserk rage {unknown}
 q - a potion of haste {unknown}


   Skills:
 + Level 5.0 Fighting
 + Level 5.1 Axes
 + Level 4.3 Armour
 + Level 3.7 Dodging


You had 4 spell levels left.
You didn't know any spells.
Your spell library was empty.

Dungeon Overview and Level Annotations

Branches:
Dungeon (4/15)              Sewer (1/1)
 Temple: D:4-7

Altars:


Innate Abilities, Weirdness & Mutations

You have a pair of horns on your head.
You reflexively headbutt those who attack you in melee.


Message History

You hit the jackal. Your headbutt misses the jackal.
The jackal is heavily wounded.
The jackal bites you.
You slash the jackal!
You kill the jackal!
Trog accepts your kill.
Welcome back, samfromsteam the Minotaur Berserker.
Trog says: Kill them all!
Press ? for a list of commands and other information.
HP restored.
You enter the shallow water.
Moving in this stuff is going to be slow.
You see here a ball python corpse.
A river rat comes into view.
The river rat squeaks loudly.
A jelly comes into view.
The jelly quivers.
You see here a ball python corpse.
The jelly attacks as it pursues you! The jelly closely misses you.
The jelly hits you. The acid corrodes you!
You are splashed with acid!
You hit the jelly but do no damage. The acid corrodes you!
Your hands burn!
You hit the river rat. The jelly closely misses you. The river rat bites you.
You hit the jelly.
Your hands burn!
The jelly is moderately wounded.
You closely miss the river rat. The jelly hits you.
You are splashed with acid!
The river rat barely misses you.
You hit the jelly.
Your hands burn!
The jelly is heavily wounded.
You hit the river rat but do no damage. The jelly misses you.
The river rat bites you!
* * * LOW HITPOINT WARNING * * *
You hit the jelly.
Your hands burn!
* * * LOW HITPOINT WARNING * * *
The jelly is heavily wounded.
You hit the river rat. The jelly hits you.
* * * LOW HITPOINT WARNING * * *
The acid corrodes you!
You are splashed with acid!
* * * LOW HITPOINT WARNING * * *
The river rat bites you.
You die...

##....# #~≈~# ##..##
#~≈~# ##..# #~≈~#
#...# #~≈~# ##..##
#~≈~# #~~.# #~≈~#
#~~~### #~≈~#
≈≈###~~~#~###~≈~##≈≈≈
.~~~~~~~~.@J~~~~~~≈≈≈
≈≈≈≈≈≈≈≈≈≈≈r≈≈≈≈≈≈≈≈≈
≈~~~~~~~~~~~~~~~~~~≈≈
≈~################~≈≈
≈~ ~≈≈ ≈≈


You could see a jelly and a river rat.

Vanquished Creatures
  An orc wizard (D:3)
  4 gnolls (D:2)
  9 adders
  2 river rats (D:4)
  A worm (Sewer)
  A dart slug (D:1)
  3 orcs (D:3)
  7 ball pythons
  10 endoplasms
  5 giant cockroaches
  4 goblins
  6 hobgoblins
  A jackal (Sewer)
  3 quokkas
  7 bats
  6 frilled lizards
  6 kobolds
  10 rats
86 creatures vanquished.

Notes
Turn   | Place    | Note
-------+----------+-------------------------------------------
     0 | D:1      | samfromsteam the Minotaur Berserker began the quest for the
                  | Orb.
     0 | D:1      | Reached XP level 1. HP: 19/19 MP: 0/0
   228 | D:1      | Reached XP level 2. HP: 27/27 MP: 1/1
   375 | D:1      | Reached ** piety under Trog
   505 | D:1      | Reached XP level 3. HP: 33/33 MP: 2/2
   506 | D:1      | Found a faded altar of an unknown god.
  1310 | D:2      | Reached XP level 4. HP: 40/40 MP: 3/3
  1898 | D:3      | Reached XP level 5. HP: 45/47 MP: 4/4
  2674 | D:3      | Reached skill level 5 in Axes
  2807 | D:4      | Reached *** piety under Trog
  2813 | D:4      | Reached skill level 5 in Fighting
  2903 | D:4      | Found a glowing drain.
  2907 | Sewer    | Entered a sewer
  2991 | Sewer    | HP: 2/48 [acid (7)]
  2991 | Sewer    | Slain by a river rat

Illustrated notes

Levels and vault maps discovered:
D:1:      dpeg_arrival_water_fire, layout_loops_ring,
          ebering_ecumenical_altar_box
D:2:      layout_basic
D:3:      layout_basic
D:4:      layout_basic, gup_sewer_entry_bowl, uniq_grinder, uniq_duvessa,
          uniq_ijyb, uniq_blork_the_orc
Sewer:    sewer_fruit_machine

Skill      XL: |  1  2  3  4  5 |
---------------+----------------+-----
Fighting       | 4 5 |  5.0
Axes           | 4 5 |  5.1
Armour         | 3 4 |  4.3
Dodging        | 3 |  3.7

Action                     |  1- 3 |  4- 6 || total
---------------------------+-------+-------++-------
  Melee: Hand axe          |    66 |   109 ||   175
         Headbutt          |     8 |    12 ||    20
         Punch             |     1 |       ||     1
 Invoke: Berserk           |       |     1 ||     1
 Armour: Animal skin       |    28 |    36 ||    64
         Ring mail         |       |    29 ||    29
  Dodge: Dodged            |    56 |    64 ||   120

Table legend: (Time is in decaauts)
 A = Elapsed time spent in this place.
 B = Non-inter-level travel time spent in this place.
 C = Inter-level travel time spent in this place.
 D = Time resting spent in this place.
 E = Time spent auto-exploring this place.
 F = Levels seen in this place.
 G = Mean time per level.
                   A        B        C        D        E       F      G
               +--------+--------+--------+--------+--------+-----+--------+
         Total |   3037 |   2903 |    134 |    217 |   2192 |   5 |  607.4 |
       Dungeon |   2937 |   2803 |    134 |    217 |   2177 |   4 |  734.2 |
         Sewer |     99 |     99 |      0 |      0 |     15 |   1 |   99.0 |
               +--------+--------+--------+--------+--------+-----+--------+

Top non-repeatable levels by time:
     D:2: 1051 daAuts
     D:3: 885 daAuts
     D:1: 861 daAuts
     D:4: 138 daAuts
   Sewer: 99 daAuts
